 Dungeon Crawl Stone Soup version 0.21.0-3-g78d12a8 (webtiles) character file.

207 Faca the Chopper (level 6, -4/50 HPs)
             Began as a Formicid Fighter on Jan 17, 2018.
             Slain by a gnoll
             ... wielding a +0 spear
              (10 damage)
             ... on level 4 of the Dungeon.
             The game lasted 00:04:08 (2756 turns).

Faca the Chopper (Formicid Fighter)                 Turns: 2756, Time: 00:04:08

Health: -4/50      AC:  6    Str: 25    XL:     6   Next: 10%
Magic:  6/6        EV:  8    Int:  8    God:
Gold:   159        SH: 10    Dex: 12    Spells: 5/5 levels left

rFire    . . .     SeeInvis +   a - +0 war axe
rCold    . . .     Gourm    .   c - +0 shield
rNeg     . . .     Faith    .   b - +0 scale mail
rPois    .         Spirit   .   (helmet unavailable)
rElec    .         Reflect  .   (no cloak)
rCorr    .         Harm     .   (no gloves)
MR       .....                  (no boots)
Stlth    ..........             (no amulet)
HPRegen  0.16/turn              (no ring)
MPRegen  0.10/turn              (no ring)

@: mighty
A: permanent stasis, dig shafts and tunnels, four strong arms, antennae 3
a: Dig, Shaft Self


You were on level 4 of the Dungeon.
You were not hungry.

You visited 1 branch of the dungeon, and saw 4 of its levels.

You collected 159 gold pieces.

Inventory:

Hand Weapons
 a - a +0 war axe (weapon)
Armour
 b - a +0 scale mail (worn)
 c - a +0 shield (worn)
 o - a cursed +0 plate armour
Wands
 l - a wand of flame (18)
Scrolls
 e - 3 scrolls of enchant weapon {unknown}
 g - 2 scrolls of enchant armour {unknown}
 h - 3 scrolls of identify {unknown}
 n - 3 scrolls of teleportation {unknown}
 q - a scroll of remove curse {unknown}
Potions
 d - a potion of might
 i - 2 potions of haste {unknown}
 j - 2 potions of degeneration {unknown}
 k - a potion of mutation {unknown}
 m - a potion of curing {unknown}
 p - a potion of agility {unknown}
Comestibles
 f - 11 rations
 r - 2 chunks of flesh


   Skills:
 + Level 4.8 Fighting
 * Level 4.9 Axes
 - Level 3.2 Armour
 - Level 3.6 Shields


You had 5 spell levels left.
You didn't know any spells.

Dungeon Overview and Level Annotations

Branches:
Dungeon (4/15)
 Temple: D:4-7

Altars:
Elyvilon
Trog


Innate Abilities, Weirdness & Mutations

You cannot be hasted, slowed, berserked, paralysed or teleported.
You can dig through walls and to a lower floor.
Your four strong arms can wield two-handed weapons with a shield.
You have a pair of large antennae on your head. (SInv)


Message History

The gnoll barely misses you.
You feel very mighty all of a sudden. You block the gnoll's attack.
Your shield and scale mail prevent you from hitting the gnoll.
The gnoll hits you with a spear!
* * * LOW HITPOINT WARNING * * *
You block the gnoll's attack.
You hit the gnoll.
The gnoll is moderately wounded.
The gnoll hits you but does no damage. You block the gnoll's attack.
You slash the gnoll!
The gnoll is almost dead.
You block the gnoll's attack. x2
A giant cockroach comes into view.
You closely miss the gnoll.
The gnoll is almost dead.
The gnoll hits you with a spear.
* * * LOW HITPOINT WARNING * * *
The gnoll hits you with a spear!
You die...

#..#
##...###...# ..#
#...###...##
##..#
#.........#
##..#
##........##
...#
#..####...##
#### #..#
##...## #.#
##...# #.. #...#
#. ##.@# g ##g##
gg ###.ws###
#.......#
#............
#..............
................
.........##.....
.........# #....


You could see a worm, a gnoll (berserk) and a giant cockroach.

Vanquished Creatures
  A big kobold (D:3)
  4 adders
  2 gnolls (D:4)
  3 oozes
  A worm (D:2)
  A dart slug (D:1)
  4 leopard geckos
  4 orcs
  6 bats
  2 giant cockroaches
  5 goblins
  7 hobgoblins
  6 jackals
  A quokka (D:2)
  2 ball pythons (D:2)
  A frilled lizard (D:3)
  6 kobolds
  4 rats
60 creatures vanquished.

Notes
Turn   | Place    | Note
-------+----------+-------------------------------------------
     0 | D:1      | Faca the Formicid Fighter began the quest for the Orb.
     0 | D:1      | Reached XP level 1. HP: 18/18 MP: 1/1
   100 | D:1      | Reached XP level 2. HP: 24/24 MP: 2/2
   722 | D:1      | Reached XP level 3. HP: 30/30 MP: 3/3
   769 | D:2      | Found a bloodstained altar of Trog.
  1202 | D:2      | Reached XP level 4. HP: 32/37 MP: 4/4
  1944 | D:3      | Noticed a big kobold
  1947 | D:3      | Reached XP level 5. HP: 42/42 MP: 5/5
  1959 | D:3      | Killed a big kobold
  2649 | D:4      | Found a white marble altar of Elyvilon.
  2696 | D:4      | Reached XP level 6. HP: 33/49 MP: 6/6
  2756 | D:4      | Slain by a gnoll

Skill      XL: |  1  2  3  4 |
---------------+-------------+-----
Axes           | 3 4 |  4.9
Fighting       | 4 |  4.8
Armour         | |  3.2
Shields        | |  3.6

Action                   |  1- 3 |  4- 6 || total
-------------------------+-------+-------++-------
Melee: War axe           |    87 |   116 ||   203
  Use: Potion            |       |     1 ||     1
  Eat: Chunk             |     1 |     2 ||     3
       Ration            |       |     1 ||     1
Armor: Scale mail        |    45 |    31 ||    76
Dodge: Dodged            |    43 |    37 ||    80
Block: Shield            |    54 |    57 ||   111
